Map: Acid Plant LE

Players

KrangDK

  • Race: Terran Terran
  • League: Platinum
  • Spawn Location: 11:00

YipKK - Winner!

  • Race: Zerg Zerg
  • Spawn Location: 5:00

VOD

Have the link to the VOD?

Description

That's that Sweede scaled loss!

Time

  • Played on: Jan. 30, 2018, 8:40 a.m.
  • Length: 17:03
Show
View Real Time Build Order
Export as new Build Order

KrangDK Terran 

Build Orders: Reaper Expand, MMM Bio 

Get SALT Encoding   

  12  0:01  SCV  
  13  0:13  SCV  
  14  0:17  Supply Depot  
  14  0:25  SCV  
  15  0:38  SCV  
  15  0:40  Barracks  
  16  0:47  Refinery  
  16  0:50  SCV  
  17  1:03  SCV  
  18  1:15  SCV  
  19  1:28  Orbital Command  
  19  1:29  Reaper  
  20  1:45  Command Center  
  20  1:54  SCV  
  21  2:02  Barracks  
  21  2:03  Barracks Reactor  
  21  2:11  SCV  
  22  2:23  SCV, Supply Depot  
  22  2:28  Refinery  
  23  2:31  Factory  
  23  2:44  Marine x2  
  23  2:45  SCV  
  23  2:48  Supply Depot  
  26  2:56  Orbital Command  
  26  2:59  Barracks Tech Lab  
  26  3:00  SCV  
  26  3:04  Marine x2  
  29  3:11  Supply Depot  
  29  3:21  Marine  
  29  3:22  Stimpack, Marine  
  29  3:23  SCV  
  29  3:26  SCV  
  33  3:30  Marine  
  34  3:38  Starport, Factory Reactor  
  34  3:43  Bunker  
  34  3:46  SCV x2  
  34  3:47  Marine  
  37  3:49  Marine  
  37  3:50  Marine  
  39  4:01  SCV x2  
  41  4:05  Marine  
  41  4:06  Marine  
  41  4:08  Engineering Bay  
  41  4:09  Marine  
  44  4:13  SCV x2  
  46  4:23  Marine  
  49  4:24  Marine  
  49  4:26  Marine  
  49  4:37  Medivac x2  
  53  4:43  Marine x2  
  53  4:44  Marine  
  53  4:45  Supply Depot  
  56  4:46  Supply Depot  
  56  4:59  Factory Tech Lab  
  56  5:00  SCV  
  56  5:01  SCV, Marine x2  
  60  5:07  Supply Depot  
  60  5:09  Marine  
  60  5:10  Supply Depot  
  61  5:19  Marine  
  62  5:21  Marine  
  62  5:27  Siege Tank, Marine  
  62  5:28  SCV x2, Supply Depot  
  69  5:31  Refinery x2  
  69  5:34  Combat Shields  
  69  5:37  Marine  
  69  5:39  Marine  
  69  5:40  SCV x2  
  73  5:44  Marine  
  74  5:54  Marine  
  75  6:02  Supply Depot  
  75  6:05  Liberator x2  
  75  6:10  Siege Tank  
  78  6:12  Marine x3  
  78  6:18  Terran Infantry Weapons Level 1, Barracks  
  81  6:23  Barracks  
  81  6:24  Supply Depot  
  81  6:25  Barracks  
  87  6:29  Marine x2  
  89  6:39  Marine  
  90  6:46  Siege Tank  
  93  6:47  Marine x2  
  95  6:57  Marine  
  96  7:05  Marine x2  
  96  7:08  Factory  
  98  7:15  Marine  
  99  7:25  Marine x2  
  99  7:26  Marine  
  99  7:27  Barracks Tech Lab  
  99  7:45  Barracks Tech Lab x2  
  99  7:47  Concussive Shells  
  99  7:50  Engineering Bay  
  99  7:53  Armory, Factory Reactor  
  99  7:54  Widow Mine  
  99  7:55  SCV x2  
  103  8:19  Command Center  
  103  8:26  Widow Mine  
  105  8:27  Marauder x2  
  105  8:28  Marauder x2, Marine x2  
  105  8:31  Medivac  
  117  8:38  Medivac, Supply Depot  
  118  8:41  Supply Depot  
  115  9:00  Liberator x2  
  115  9:01  Marine x5  
  115  9:02  Marine  
  114  9:14  Widow Mine x2  
  114  9:15  Widow Mine  
  120  9:19  Marine x5  
  131  9:37  Marine x3  
  134  10:06  Marine x2  
  134  10:07  Marine  
  134  10:13  Marine  
  134  10:14  Marine x2  
  85  10:24  Marine x2  
  85  10:25  Marine  
  71  10:31  Marine  
  71  10:32  Marine x2  
  74  10:35  Barracks  
  74  10:38  Liberator  
  74  10:40  Barracks x2  
  74  10:41  Marine  
  74  10:42  Marine  
  74  10:43  Barracks, Marine  
  74  10:49  Marauder, Marine x2  
  80  10:59  Marine  
  80  11:00  Marine x2  
  83  11:07  Marine  
  84  11:16  Marine  
  84  11:17  Marine x2  
  84  11:18  Marine x2  
  88  11:22  Terran Infantry Weapons Level 2, Terran Infantry Armor Level 1  
  88  11:24  Barracks Reactor  
  88  11:25  Marine  
  90  11:30  Barracks Reactor  
  90  11:31  Barracks Reactor x2  
  90  11:34  Marine  
  91  11:42  Marine x4  
  95  11:59  Marine x4  
  95  12:00  Marine x2  
  101  12:01  Marine  
  102  12:12  Widow Mine  
  102  12:13  Widow Mine x2  
  108  12:17  Marine  
  109  12:35  Command Center  
  109  12:38  Marine  
  109  12:39  Marine x4  
  114  12:52  Marine x6  
  114  12:53  Marine  
  121  13:05  Medivac x2  
  125  13:32  Command Center  
  125  13:58  Marine x4  
  125  13:59  Marine x6  
  111  14:22  Marine  
  111  14:23  Marine x5  
  80  14:31  Marine  
  80  14:32  Marine x4  
  85  15:06  Planetary Fortress  
  85  15:24  Barracks Reactor  
  50  15:49  Liberator x2  
  42  15:57  Marine x8  
  42  15:58  Marine x4  
  42  16:00  Thor  
  66  16:14  Marine  
  66  16:15  Marine x7  
  74  16:23  Orbital Command  
Show
View Real Time Build Order
Export as new Build Order

YipKK Zerg - Winner!

Build Orders: Hatch First 

Get SALT Encoding   

  12  0:05  Drone  
  13  0:09  Drone  
  14  0:18  Overlord  
  14  0:25  Drone, Extractor  
  15  0:36  Drone  
  16  0:47  Drone  
  17  0:55  Hatchery  
  16  0:58  Drone  
  17  1:05  Drone  
  18  1:16  Spawning Pool  
  17  1:22  Overlord, Extractor  
  16  1:56  Drone x3  
  19  2:18  Drone x3  
  19  2:20  Zergling x2, Hatchery  
  22  2:30  Zergling x4  
  22  2:31  Queen  
  26  2:39  Zergling x4  
  28  2:45  Metabolic Boost  
  28  2:50  Drone  
  29  2:53  Drone  
  30  3:03  Overlord x2  
  30  3:12  Drone x2  
  32  3:17  Evolution Chamber  
  31  3:22  Drone, Baneling Nest  
  31  3:30  Pneumatized Carapace  
  31  3:32  Drone  
  31  3:33  Drone  
  33  3:35  Drone  
  34  3:43  Drone x3  
  37  3:49  Queen  
  39  4:00  Drone x4  
  43  4:08  Drone x2, Extractor  
  43  4:09  Drone x2  
  46  4:17  Overlord x2  
  46  4:22  Drone x2  
  48  4:28  Extractor  
  47  4:35  Zerg Melee Weapons Level 1  
  47  4:36  Drone x3  
  50  4:45  Zergling x6  
  53  4:50  Baneling x5  
  53  4:56  Drone x3  
  56  5:00  Zergling x8  
  56  5:05  Lair  
  60  5:07  Zergling x6  
  63  5:15  Drone x3  
  66  5:31  Drone x2  
  66  5:32  Drone x3  
  66  5:34  Extractor  
  66  5:35  Baneling  
  70  5:51  Zergling x8  
  70  5:53  Overlord x4  
  70  5:54  Overlord x2  
  74  6:00  Spore Crawler  
  73  6:06  Zergling x2  
  73  6:08  Overlord x3  
  74  6:17  Evolution Chamber  
  73  6:21  Hydralisk Den, Drone x2  
  73  6:22  Drone x4  
  78  6:27  Spine Crawler  
  78  6:30  Zerg Ground Armor Level 1  
  76  6:34  Zergling x10  
  80  6:48  Zerg Melee Weapons Level 2  
  80  6:52  Hydralisk x4, Muscular Augments  
  80  6:53  Hydralisk x2  
  92  6:56  Zergling x2  
  93  7:13  Centrifical Hooks, Hatchery  
  80  7:28  Zergling x14  
  80  7:29  Zergling x6  
  89  7:39  Queen  
  92  7:51  Drone x4  
  92  7:52  Drone x2  
  97  8:00  Hydralisk  
  97  8:01  Hydralisk x2  
  103  8:13  Hydralisk x4  
  103  8:14  Hydralisk, Queen  
  115  8:21  Infestation Pit  
  114  8:34  Hydralisk x2, Zergling x10  
  123  8:44  Zergling x8  
  123  8:48  Hydralisk x2  
  127  8:54  Grooved Spines  
  116  9:05  Hydralisk x6  
  116  9:06  Hydralisk x2  
  132  9:10  Drone x3  
  132  9:13  Queen  
  132  9:16  Drone  
  138  9:26  Hydralisk x2  
  142  9:32  Overlord x3  
  142  9:34  Overlord x2  
  142  9:44  Baneling  
  142  9:45  Baneling x6  
  142  9:46  Baneling x8  
  142  9:51  Zergling x12  
  142  9:52  Zergling x4  
  150  9:59  Zergling x6  
  130  10:13  Zergling x2  
  99  10:14  Zergling x12  
  99  10:19  Zergling x2  
  87  10:25  Zergling x2  
  87  10:26  Zergling x4  
  87  10:46  Hydralisk  
  87  10:47  Zergling x2  
  87  10:48  Zergling x12  
  96  11:02  Spore Crawler  
  96  11:03  Drone x5  
  100  11:05  Zerg Ground Armor Level 2  
  100  11:12  Baneling  
  100  11:14  Baneling x8  
  100  11:15  Baneling x14  
  100  11:21  Overlord x3, Hydralisk  
  102  11:33  Hydralisk  
  102  11:34  Hydralisk  
  102  11:36  Drone  
  102  11:39  Drone  
  109  11:40  Drone x2  
  109  11:43  Overlord x2  
  109  11:44  Overlord x3  
  110  11:58  Drone x5  
  115  12:11  Drone x5  
  115  12:12  Hatchery  
  119  12:17  Extractor  
  119  12:20  Extractor  
  117  12:36  Hive  
  117  12:37  Zergling x2  
  117  12:38  Zergling x16  
  117  12:39  Drone  
  117  12:41  Drone  
  117  12:42  Drone  
  129  12:49  Drone x2  
  131  12:56  Zergling x6  
  131  12:57  Hydralisk x2, Zergling x4  
  140  13:01  Baneling x12  
  140  13:09  Baneling x5  
  140  13:10  Baneling x7  
  140  13:11  Baneling  
  140  13:12  Zergling x4  
  142  13:13  Zergling x10  
  146  13:37  Zergling x10  
  146  13:39  Hydralisk x4, Zergling x6  
  146  13:40  Hydralisk x2  
  156  14:13  Zergling x14  
  156  14:14  Zergling x16  
  130  14:28  Zergling x2  
  127  14:31  Zergling x2  
  127  14:32  Zergling x6  
  131  14:41  Ultralisk Cavern  
  131  14:43  Zergling x2  
  131  14:44  Zergling x8  
  135  14:47  Baneling x5  
  135  14:48  Baneling x11  
  135  14:51  Zergling x2  
  135  14:52  Zergling x8  
  140  14:56  Drone  
  141  15:05  Drone x4  
  145  15:18  Extractor  
  144  15:22  Spore Crawler  
  144  15:23  Spore Crawler  
  144  15:27  Zergling x12  
  144  15:28  Zergling x8  
  152  15:32  Baneling x10  
  123  15:48  Ultralisk x2  
  123  15:49  Ultralisk x2  
  142  15:53  Zergling x12  
  148  16:00  Drone x7  
  148  16:01  Drone x2  
  157  16:04  Extractor  
  157  16:05  Extractor  
  155  16:15  Nydus Network  
  155  16:16  Zergling x4  
  155  16:17  Zergling x6  
  155  16:18  Zergling x6  
  162  16:37  Zergling x14  
  162  16:38  Zergling x6  
Tags
 
Add a new tag
Caveats
  • Supply blocks, unpowered buildings, or Contaminate may cause inaccurate times.
  • Supply counts are checked every 10 seconds.